 Dungeon Crawl Stone Soup version 0.29.1-2-gbd0b4ee654 (webtiles) character file.

Game seed: 9697284721853045707

2794 Lutefisk the Fighter (level 10, -3/82 HPs)
             Began as a Formicid Arcane Marksman on Nov 18, 2022.
             Was an Initiate of Yredelemnul.
             Slain by a large abomination (31 damage)
             ... on level 1 of the Abyss on Nov 19, 2022.
             The game lasted 00:40:15 (5438 turns).

Lutefisk the Fighter (Formicid Arcane Marksman)     Turns: 5438, Time: 00:40:16

Health: -3/82      AC: 12    Str: 16    XL:     10   Next: 2%
Magic:  11/11      EV: 10    Int: 14    God:    Yredelemnul [......]
Gold:   284        SH:  0    Dex: 16    Spells: 10/11 levels left

rFire   . . .      SeeInvis +   n - +3 dagger (elec)
rCold   + + .      Faith    +   (no shield)
rNeg    . . .      Spirit   .   k - +0 ice dragon scales
rPois   .          Reflect  .   (helmet unavailable)
rElec   .          Harm     .   s - +0 cloak
rCorr   .          Rampage  .   (no gloves)
Will    +....                   (no boots)
Stlth   +.........              i - amulet of faith
HPRegen 0.23/turn               e - ring of fire
MPRegen 0.12/turn               G - ring of protection from cold

@: no status effects
A: permanent stasis, dig shafts and tunnels, antennae 3, four strong arms
a: Dig, Shaft Self, Renounce Religion, Recall Undead Harvest


You were on level 1 of the Abyss.
You worshipped Yredelemnul.
Yredelemnul was noncommittal.
You visited 1 branch of the dungeon, and saw 8 of its levels.
You visited the Abyss 1 time.
You also visited: Ossuary.

You collected 362 gold pieces.
You spent 78 gold pieces at shops.

Inventory:

Hand Weapons
 a - a +1 sling
 n - a +3 dagger of electrocution (weapon)
 H - a +0 shortbow
 M - a +3 scimitar
Missiles
 v - 2 javelins
 F - 13 poisoned darts (quivered)
 K - 4 silver javelins
Armour
 c - a +0 robe
 f - a +0 kite shield
 k - +0 ice dragon scales (worn)
 o - a +1 leather armour of cold resistance
 s - a +0 cloak (worn)
Magical Staves
 g - a staff of death
 l - a staff of earth
Jewellery
 e - a ring of fire (left hand)
 i - an amulet of faith (around neck)
 G - a ring of protection from cold (right hand)
Scrolls
 d - 2 scrolls of torment
 h - 2 scrolls of fear
 m - 2 scrolls of enchant weapon
 w - a scroll of brand weapon
 x - 2 scrolls of enchant armour
 y - 2 scrolls of blinking {unknown}
 z - a scroll of teleportation {unknown}
 B - 2 scrolls of fog {unknown}
 D - a scroll of immolation
 J - a scroll of magic mapping {unknown}
 L - a scroll of summoning {unknown}
Potions
 b - 2 potions of cancellation {unknown}
 j - 2 potions of lignification {unknown}
 p - 4 potions of mutation
 q - a potion of ambrosia
 r - 2 potions of brilliance
 t - a potion of might
 u - 2 potions of heal wounds
 A - a potion of flight {unknown}
 C - a potion of attraction {unknown}
 E - a potion of haste {unknown}
 I - a potion of curing {unknown}


   Skills:
 * Level 8.9 Fighting
 - Level 2.0 Short Blades
 - Level 7.0 Ranged Weapons
 - Level 5.0 Armour
 - Level 4.0 Dodging
 * Level 3.0 Stealth
 - Level 1.1 Spellcasting
 - Level 4.0 Hexes
 - Level 2.0 Invocations
 - Level 2.0 Evocations


You had 10 spell levels left.
You knew the following spells:

 Your Spells              Type           Power      Damage    Failure   Level
a - Slow                  Hex            44%        N/A       22%         1

Your spell library contained the following spells:

 Spells                   Type           Power      Damage    Failure   Level
 Ensorcelled Hibernation  Hex/Ice        12%        N/A       58%         2
 Freeze                   Ice            0%         1d3       73%         1
 Dazzling Flash           Conj/Hex       12%        N/A       82%         3
 Inner Flame              Hex/Fire       9%         N/A       82%         3
 Portal Projectile        Hex/Tloc       12%        N/A       82%         3
 Summon Guardian Golem    Hex/Summ       6%         N/A       82%         3
 Sublimation of Blood     Necr           0%         N/A       86%         2
 Wereblood                Tmut           0%         N/A       86%         2
 Cause Fear               Hex            5%         N/A       91%         4
 Frozen Ramparts          Ice            0%         1d1       97%         3
 Gell's Gravitas          Tloc           0%         N/A       97%         3
 Ozocubu's Armour         Ice            0%         N/A       97%         3
 Spider Form              Tmut/Pois      0%         N/A       97%         3
 Teleport Other           Tloc           0%         N/A       97%         3
 Anguish                  Hex/Necr       3%         N/A       99%         4
 Hailstorm                Conj/Ice       0%         3d3       100%        4
 Iskenderun's Mystic Bla  Conj/Tloc      0%         2d3       100%        4
 Dispersal                Tloc           0%         N/A       100%        6
 Starburst                Conj/Fire      0%         6d3       100%        6
 Orb of Destruction       Conj           0%         9d5       100%        7
 Ozocubu's Refrigeration  Ice            0%         4d7       100%        7
 Spellforged Servitor     Conj/Summ      0%         N/A       100%        7
 Summon Hydra             Summ           0%         N/A       100%        7


Dungeon Overview and Level Annotations

Branches:
Dungeon (8/15)             Temple (0/1) D:6         Ossuary (visited)
   Lair: D:8-11

Altars:
Ashenzari
Fedhas
Hepliaklqana
Okawaru
Uskayaw
Wu Jian
Yredelemnul

Shops:
D:3 ?

Annotations:
D:1 1 runed translucent door
D:4 Pikel
D:7 2 runed translucent doors


Innate Abilities, Weirdness & Mutations

You cannot be hasted, slowed, berserked, paralysed or teleported.
You can dig through walls and to a lower floor.
You have a pair of large antennae on your head. (SInv)
Your four strong arms can wield two-handed weapons with a shield.


Message History

The orc warrior is severely wounded.
The orc warrior hits you with a +1 mace of distortion!
You are cast into the Abyss!
This branch contains the abyssal rune of Zot.
Beware, you cannot shaft yourself on this level.
You start resting.
You sense a monster nearby.
You start resting.
You sense a monster nearby.
You start resting.
You sense a monster nearby.
A small abomination comes into view.
You enter the shallow water.
Moving in this stuff is going to be slow.
A large abomination comes into view.
A starcursed mass comes into view.
A starcursed mass splits.
A chorus of shrieks assaults your mind.
A starcursed mass splits.
A chorus of shrieks assaults your mind.
The starcursed mass shrieks in your mind.
An efreet comes into view.
It is wielding a +0 scimitar of flaming.
Okay, then.
You extend your mandibles.
You can't dig through that.
You feel more attuned to fire.
e - a ring of fire (left hand)
G - a ring of protection from cold (right hand)
As you read the scroll of enchant weapon, it crumbles to dust.
Your +2 dagger of electrocution glows red for a moment.
Okay, then.
You hit the large abomination but do no damage.
The large abomination hits you!
You hit the large abomination but do no damage.
The large abomination hits you!!
You hear a shout!
You hit the large abomination but do no damage.
The large abomination hits you!!
You die...
Your body rises from the dead as a mindless zombie.

# # #.#.
##..# ### #
○{○... ###..
.# °..
#.{#@#.##.##
○..# #X##
#.... #{.##
...# #. #.#.
.......#.X.#
..
.##.##.###
..# ## ...#
. #..... # .
#..#. ##..#


You could see a large abomination.

Vanquished Creatures
  Grinder (D:5)
  Menkaure (D:5)
  An acid dragon (D:8)
  An orc warrior (D:7)
  2 water moccasins
  2 ice beasts (D:7)
  2 centaurs (D:6)
  A phantom (D:4)
  A lemure (D:4)
  2 kobold brigands
  A necrophage (D:6)
  3 scorpions
  3 wights (D:7)
  6 killer bees (D:8)
  2 centaur zombies (Ossuary)
  A hound (D:4)
  A jelly (D:5)
  2 human zombies (Ossuary)
  An orc priest (D:7)
  7 orc wizards
  2 spectral killer bees (D:8)
  3 mummies (Ossuary)
  3 gnolls (D:4)
  6 adders
  A shadow imp (D:7)
  3 white imps (D:6)
  2 worms
  2 dart slugs
  13 orcs
  4 endoplasms
  2 giant cockroaches
  6 goblins
  4 hobgoblins
  3 quokkas
  4 ball pythons
  2 bats
  A frilled lizard (D:1)
  A gnoll zombie (Ossuary)
  A goblin zombie (Ossuary)
  A hobgoblin zombie (Ossuary)
  12 kobolds
  An orc zombie (Ossuary)
  4 rats
122 creatures vanquished.

Vanquished Creatures (collateral kills)
  A phantom (D:5)
  2 wights (D:7)
  A jelly (D:6)
  A worm (D:3)
  An endoplasm (D:2)
  A goblin (D:4)
  A hobgoblin (D:2)
  A quokka (D:2)
  A bat (D:2)
  A rat (D:2)
11 creatures vanquished.

Vanquished Creatures (others)
  A centaur zombie (D:6)
  A jelly zombie (D:5)
  2 adder zombies
  2 bat zombies (D:2)
  A ball python zombie (D:2)
  2 endoplasm zombies (D:4)
  A giant cockroach zombie (D:2)
  A gnoll zombie (D:4)
  2 goblin zombies (D:4)
  5 kobold zombies
  8 orc zombies
  A quokka zombie (D:2)
  A rat zombie (D:3)
  6 plants (D:5)
34 creatures vanquished.

Grand Total: 167 creatures vanquished

Notes
Turn   | Place    | Note
-------+----------+-------------------------------------------
     0 | D:1      | Lutefisk the Formicid Arcane Marksman began the quest for
                  | the Orb.
     0 | D:1      | Reached XP level 1. HP: 15/15 MP: 2/2
     3 | D:1      | Found a runed translucent door.
   298 | D:1      | Reached skill level 2 in Fighting
   298 | D:1      | Reached XP level 2. HP: 22/22 MP: 1/3
   578 | D:2      | Found a faded altar of an unknown god.
   599 | D:2      | Prayed at the altar of an unknown god.
   599 | D:2      | Became a worshipper of Yredelemnul the Dark
   599 | D:2      | Reached * piety under Yredelemnul
   683 | D:2      | Reached skill level 3 in Fighting
   683 | D:2      | Reached XP level 3. HP: 27/27 MP: 4/4
   969 | D:3      | Found an iron altar of Okawaru.
   982 | D:3      | Reached XP level 4. HP: 37/37 MP: 5/5
  1083 | D:3      | Reached skill level 4 in Fighting
  1101 | D:3      | Found a hide-covered altar of Uskayaw.
  1110 | D:3      | Found a blossoming altar of Fedhas.
  1127 | D:3      | Found Jaoroumi's Magic Scroll Shoppe.
  1133 | D:3      | Bought a scroll of identify for 26 gold pieces
  1133 | D:3      | Bought a scroll of fear for 52 gold pieces
  1170 | D:3      | Found an ornate altar of the Wu Jian Council.
  1184 | D:3      | Found a broken altar of Ashenzari.
  1368 | D:4      | Noticed a scorpion
  1409 | D:4      | Killed a scorpion
  1410 | D:4      | Reached skill level 1 in Armour
  1410 | D:4      | Reached XP level 5. HP: 42/42 MP: 2/6
  1508 | D:4      | Noticed a phantom
  1529 | D:4      | Killed a phantom
  1530 | D:4      | Reached skill level 1 in Invocations
  1530 | D:4      | Reached XP level 6. HP: 38/48 MP: 7/7
  1570 | D:4      | Noticed an ogre
  1587 | D:4      | Reached skill level 1 in Evocations
  1942 | D:4      | Noticed Pikel
  1995 | D:5      | Entered Level 5 of the Dungeon
  2002 | D:5      | Noticed Grinder
  2080 | D:5      | You fall into a shaft and drop 2 floors!
  2191 | D:7      | Noticed an ice beast
  2220 | D:7      | Killed an ice beast
  2221 | D:7      | Reached skill level 5 in Fighting
  2221 | D:7      | Reached skill level 1 in Short Blades
  2221 | D:7      | Reached XP level 7. HP: 36/56 MP: 6/8
  2470 | D:6      | Reached skill level 6 in Fighting
  2596 | D:7      | Reached XP level 8. HP: 57/64 MP: 9/9
  2664 | D:7      | Reached skill level 5 in Ranged Weapons
  2705 | D:7      | Found a sand-covered staircase.
  2714 | Ossuary  | Entered an ossuary
  2756 | Ossuary  | Reached skill level 7 in Fighting
  3047 | D:7      | Reached skill level 1 in Stealth
  3272 | D:6      | Found a staircase to the Ecumenical Temple.
  3437 | D:5      | Noticed Menkaure
  3449 | D:5      | Killed Menkaure
  3450 | D:5      | Reached skill level 8 in Fighting
  3450 | D:5      | Reached XP level 9. HP: 14/74 MP: 10/10
  3861 | D:5      | Found a hazy altar of Hepliaklqana.
  3887 | D:5      | Killed Grinder
  4120 | D:7      | Found a large runed translucent door.
  4121 | D:7      | Found a large runed translucent door.
  4633 | D:8      | Reached skill level 5 in Armour
  5212 | D:8      | Reached XP level 10. HP: 65/82 MP: 11/11
  5242 | Abyss:1  | Cast into level 1 of the Abyss (orc warrior)
  5413 | Abyss:1  | Noticed a starcursed mass
  5429 | Abyss:1  | Noticed an efreet
  5438 | Abyss:1  | Slain by a large abomination

Illustrated notes

Levels and vault maps discovered:
D:1:      dpeg_arrival_caged_fury, layout_basic
D:2:      layout_rooms, shapermc_ecumenical_altar_mp_highgroup,
          due_unseen_surprise, uniq_crazy_yiuf_cottage, uniq_natasha
D:3:      layout_loops_ring, mainiacjoe_overflow_catwalk,
          overflow_temple_1_default, nicolae_uskayaw_dance_hall,
          mainiacjoe_overflow_chevrons, ashenzari_altar_1,
          mainiacjoe_overflow_brackets, serial_shops, nicolae_shop_crystal
D:4:      minmay_clustersquares, layout_basic, roderic_lattice_a, uniq_pikel
D:5:      layout_gridville, nicolae_hepliaklqana_hazy_memory, uniq_menkaure,
          uniq_grinder
D:6:      layout_basic, temple_hall
D:7:      layout_loops_ring, jmf_multi_god_temple2,
          nicolae_ossuary_entry_monument
D:8:      layout_loops_corners, nicolae_overflow_crystal_walls,
          grunt_decor_mini_mirrors, minmay_misc_feat_alley, uniq_psyche
Abyss:1:  base: D:1, base:
D:1

Skill      XL: |  1  2  3  4  5  6  7  8  9 |
---------------+----------------------------+-----
Fighting       | 2 3 4 5 6 8 |  8.9
Ranged Weapons | 3 4 5 7 |  7.0
Armour         | 1 2 3 4 5 |  5.0
Dodging        | 2 3 4 |  4.0
Hexes          | 4 |  4.0
Invocations    | 1 2 |  2.0
Evocations     | 1 2 |  2.0
Short Blades   | 1 2 |  2.0
Stealth        | 3 |  3.0
Spellcasting   | |  1.1

Action                   |  1- 3 |  4- 6 |  7- 9 | 10-12 || total
-------------------------+-------+-------+-------+-------++-------
Melee: Club              |    16 |       |       |       ||    16
       Short sword       |     7 |       |       |       ||     7
       Dagger            |    33 |   150 |   288 |     9 ||   480
       Punch             |       |     1 |     8 |       ||     9
 Fire: Sling             |    43 |    30 |    15 |       ||    88
       Shortbow          |       |       |    26 |       ||    26
Throw: Javelin           |       |     6 |       |       ||     6
       Dart              |       |       |     4 |       ||     4
 Cast: Slow              |     9 |    11 |     7 |       ||    27
Invok: Recall Undead Har |       |       |     1 |       ||     1
 Abil: Dig               |     1 |       |       |     1 ||     2
       Shaft Self        |       |     1 |       |       ||     1
  Use: Scroll            |       |     9 |     3 |     1 ||    13
       Potion            |       |       |     3 |       ||     3
 Stab: Distracted        |       |     1 |     3 |       ||     4
Armor: Robe              |     2 |       |       |       ||     2
       Ice dragon scales |    34 |    59 |   148 |     2 ||   243
Dodge: Dodged            |    41 |    53 |   119 |     2 ||   215
